BR
ONTARIO EMUS @ SANTA ANNA DUKES
08/13/2026
 
TOP OF THE 1ST
Ontario Emus batting - Pitching for Santa Anna Dukes : RHP Francisco Pagán
Pitching: RHP Francisco Pagán
Batting: RHB Álex Ochoa 0-0: Called Strike
0-1: Swinging Strike
0-2: Strikes out swinging
Batting: RHB Álex Martínez 0-0: Called Strike
0-1: Called Strike
0-2: Ball
1-2: Ground out 6-3 (Groundball, 6)
Batting: RHB James Hunter 0-0: Called Strike
0-1: Ball
1-1: Fly out, F4 (Line Drive, 34)
Top of the 1st over - 0 run(s), 0 hit(s), 0 error(s), 0 left on base; Ontario 0 - Santa Anna 0
BOTTOM OF THE 1ST
Santa Anna Dukes batting - Pitching for Ontario Emus : RHP Ryan Allen
Pitching: RHP Ryan Allen
Batting: RHB Jesús Velásquez 0-0: Ball
1-0: Ball
2-0: Swinging Strike
2-1: Foul Ball, location: 2F
2-2: Strikes out looking
Batting: RHB Mason Thompson 0-0: Ball
1-0: Ball
2-0: Ball
3-0: Called Strike
3-1: Foul Ball, location: 2F
3-2: Strikes out swinging
Batting: LHB Oliver Hernández 0-0: Called Strike
0-1: SINGLE (Groundball, 6MD)
Batting: RHB Alberto Morín 0-0: Reached on error, E5 (Groundball, 5S)
Oliver Hernández to second
Batting: RHB Ron Elazar 0-0: Ball
1-0: Foul Ball, location: 2F
1-1: Foul Ball, location: 2F
1-2: Foul Ball, location: 2F
1-2: Foul Ball, location: 2F
1-2: Strikes out swinging
Bottom of the 1st over - 0 run(s), 1 hit(s), 1 error(s), 2 left on base; Ontario 0 - Santa Anna 0
TOP OF THE 2ND
Ontario Emus batting - Pitching for Santa Anna Dukes : RHP Francisco Pagán
Batting: RHB Vernon Sterling 0-0: Called Strike
0-1: Foul Ball, location: 2F
0-2: Strikes out looking
Batting: RHB Carlos Estrada 0-0: Fly out, F9 (Flyball, 89M)
Batting: RHB John Robertson 0-0: Called Strike
0-1: Ball
1-1: Foul Ball, location: 2F
1-2: Ball
2-2: Ball
3-2: Foul Ball, location: 2F
3-2: Ground out 6-3 (Groundball, 6M)
Top of the 2nd over - 0 run(s), 0 hit(s), 0 error(s), 0 left on base; Ontario 0 - Santa Anna 0
BOTTOM OF THE 2ND
Santa Anna Dukes batting - Pitching for Ontario Emus : RHP Ryan Allen
Batting: RHB Charles Lewis 0-0: Called Strike
0-1: Ball
1-1: Swinging Strike
1-2: Strikes out looking
Batting: RHB Alberto Castillo 0-0: Called Strike
0-1: Ball
1-1: Ball
2-1: Fly out, F8 (Flyball, 8LS)
Batting: RHB Ben Wilson 0-0: Ground out 6-3 (Groundball, 6M)
Bottom of the 2nd over - 0 run(s), 0 hit(s), 0 error(s), 0 left on base; Ontario 0 - Santa Anna 0
TOP OF THE 3RD
Ontario Emus batting - Pitching for Santa Anna Dukes : RHP Francisco Pagán
Batting: RHB Bob Corrigan 0-0: Ball
1-0: Foul Ball, location: 2F
1-1: Called Strike
1-2: Strikes out swinging
Batting: LHB Dave Raines 0-0: Swinging Strike
0-1: Ball
1-1: Foul Ball, location: 2F
1-2: Ball
2-2: Ball
3-2: SINGLE (Groundball, 23) (infield hit)
Batting: LHB Elvin Summers 0-0: Foul Ball, location: 2F
0-1: Foul Ball, location: 2F
0-2: Ball
1-2: Foul Ball, location: 2F
1-2: Fly out, F7 (Flyball, 5D)
Batting: RHB Álex Ochoa 0-0: Foul Ball, location: 2F
0-1: SINGLE (Line Drive, 6D)
Dave Raines to second
Batting: RHB Álex Martínez 0-0: Called Strike
0-1: Fly out, F8 (Flyball, 8RM)
Top of the 3rd over - 0 run(s), 2 hit(s), 0 error(s), 2 left on base; Ontario 0 - Santa Anna 0
BOTTOM OF THE 3RD
Santa Anna Dukes batting - Pitching for Ontario Emus : RHP Ryan Allen
Batting: RHB Joe Baker 0-0: Ball
1-0: Ball
2-0: Called Strike
2-1: Ball
3-1: SINGLE (Line Drive, 6MD)
Batting: RHB Jesús Velásquez 0-0: Grounds into double play, 5-4-3 (Groundball, 5L)
Batting: RHB Mason Thompson 0-0: Reached on error, E5 (Groundball, 56)
Batting: LHB Oliver Hernández 0-0: Called Strike
0-1: Ball
1-1: Foul Ball, location: 2F
1-2: Fly out, F7 (Flyball, 7M)
Bottom of the 3rd over - 0 run(s), 1 hit(s), 1 error(s), 1 left on base; Ontario 0 - Santa Anna 0
TOP OF THE 4TH
Ontario Emus batting - Pitching for Santa Anna Dukes : RHP Francisco Pagán
Batting: RHB James Hunter 0-0: Called Strike
0-1: Called Strike
0-2: Foul Ball, location: 2F
0-2: Foul Ball, location: 2F
0-2: Ball
1-2: Foul Ball, location: 2F
1-2: Ball
2-2: Foul Ball, location: 2F
2-2: Fly out, F5 (Popup, 5S)
Batting: RHB Vernon Sterling 0-0: Called Strike
0-1: Foul Ball, location: 2F
0-2: Ball
1-2: Ball
2-2: Foul Ball, location: 2F
2-2: Fly out, F8 (Flyball, 8RD)
Batting: RHB Carlos Estrada 0-0: Ball
1-0: Swinging Strike
1-1: Ball
2-1: Swinging Strike
2-2: Strikes out swinging
Top of the 4th over - 0 run(s), 0 hit(s), 0 error(s), 0 left on base; Ontario 0 - Santa Anna 0
BOTTOM OF THE 4TH
Santa Anna Dukes batting - Pitching for Ontario Emus : RHP Ryan Allen
Batting: RHB Alberto Morín 0-0: Ball
1-0: Called Strike
1-1: Ball
2-1: Ground out 6-3 (Groundball, 6)
Batting: RHB Ron Elazar 0-0: Called Strike
0-1: Ball
1-1: Foul Ball, location: 2F
1-2: Foul Ball, location: 2F
1-2: Ground out 5-3 (Groundball, 56)
Batting: RHB Charles Lewis 0-0: Ball
1-0: Ball
2-0: Ball
3-0: Called Strike
3-1: Foul Ball, location: 2F
3-2: Foul Ball, location: 2F
3-2: Ground out 5-3 (Groundball, 5L)
Bottom of the 4th over - 0 run(s), 0 hit(s), 0 error(s), 0 left on base; Ontario 0 - Santa Anna 0
TOP OF THE 5TH
Ontario Emus batting - Pitching for Santa Anna Dukes : RHP Francisco Pagán
Batting: RHB John Robertson 0-0: Ball
1-0: SOLO HOME RUN (Flyball, 8LXD), Distance : 448 ft
Batting: RHB Bob Corrigan 0-0: Foul Ball, location: 2F
0-1: Foul Ball, location: 2F
0-2: Ball
1-2: Foul Ball, location: 2F
1-2: Strikes out swinging
Batting: LHB Dave Raines 0-0: Called Strike
0-1: Called Strike
0-2: Ball
1-2: Ball
2-2: Ball
3-2: Strikes out swinging
Batting: LHB Elvin Summers 0-0: Foul Ball, location: 2F
0-1: Called Strike
0-2: Ball
1-2: Fly out, F5 (Popup, 5F)
Top of the 5th over - 1 run(s), 1 hit(s), 0 error(s), 0 left on base; Ontario 1 - Santa Anna 0
BOTTOM OF THE 5TH
Santa Anna Dukes batting - Pitching for Ontario Emus : RHP Ryan Allen
Batting: RHB Alberto Castillo 0-0: Ball
1-0: Foul Ball, location: 2F
1-1: Ball
2-1: DOUBLE (Line Drive, 7LM)
Batting: RHB Ben Wilson 0-0: Ball
1-0: Ball
2-0: Ground out 6-3 (Groundball, 6)
Batting: RHB Joe Baker 0-0: Ball
1-0: Ball
2-0: Swinging Strike
2-1: Foul Ball, location: 2F
2-2: Strikes out swinging
Batting: RHB Jesús Velásquez 0-0: Ground out 6-3 (Groundball, 6)
Bottom of the 5th over - 0 run(s), 1 hit(s), 0 error(s), 1 left on base; Ontario 1 - Santa Anna 0
TOP OF THE 6TH
Ontario Emus batting - Pitching for Santa Anna Dukes : RHP Francisco Pagán
Batting: RHB Álex Ochoa 0-0: TRIPLE (Line Drive, 78M)
Batting: RHB Álex Martínez 0-0: Swinging Strike
0-1: Foul Ball, location: 2F
0-2: Strikes out swinging
Pitching: LHP Bobby Valentine
Batting: RHB James Hunter 0-0: Called Strike
0-1: Ball
1-1: Ball
2-1: Fly out, F8 (Flyball, 8LS)
Batting: RHB Vernon Sterling 0-0: Intentional Walk
Batting: RHB Carlos Estrada 0-0: Ball
1-0: Ball
2-0: Called Strike
2-1: Ball
3-1: SINGLE (Flyball, 7S)
Álex Ochoa scores
Vernon Sterling to second
Batting: RHB John Robertson 0-0: Called Strike
0-1: Ball
1-1: Ground out 6-3 (Groundball, 6)
Top of the 6th over - 1 run(s), 2 hit(s), 0 error(s), 2 left on base; Ontario 2 - Santa Anna 0
BOTTOM OF THE 6TH
Santa Anna Dukes batting - Pitching for Ontario Emus : RHP Ryan Allen
Batting: RHB Mason Thompson 0-0: Ball
1-0: Ball
2-0: Foul Ball, location: 2F
2-1: Fly out, F8 (Flyball, 8LXD)
Batting: LHB Oliver Hernández 0-0: Ball
1-0: Foul Ball, location: 2F
1-1: Called Strike
1-2: Strikes out swinging
Batting: RHB Alberto Morín 0-0: Foul Ball, location: 2F
0-1: Ball
1-1: Called Strike
1-2: Fly out, F8 (Flyball, 8LM)
Bottom of the 6th over - 0 run(s), 0 hit(s), 0 error(s), 0 left on base; Ontario 2 - Santa Anna 0
TOP OF THE 7TH
Ontario Emus batting - Pitching for Santa Anna Dukes : LHP Bobby Valentine
Batting: RHB Bob Corrigan 0-0: Called Strike
0-1: Foul Ball, location: 2F
0-2: Ground out 3-1 (Groundball, 34)
Batting: LHB Dave Raines 0-0: Ball
1-0: Ball
2-0: Foul Ball, location: 2F
2-1: Foul Ball, location: 2F
2-2: DOUBLE (Flyball, 78XD)
Batting: LHB Elvin Summers 0-0: Ball
1-0: Called Strike
1-1: Foul Ball, location: 2F
1-2: Ground out 4-3 (Groundball, 4)
Dave Raines to third
Batting: RHB Álex Ochoa 0-0: Foul Ball, location: 2F
0-1: Swinging Strike
0-2: Ball
1-2: Ball
2-2: 2-RUN HOME RUN (Flyball, 7D), Distance : 382 ft
Pitching: LHP Ángel Gonzáles
Batting: RHB Álex Martínez 0-0: Called Strike
0-1: Fly out, F8 (Flyball, 8LM)
Top of the 7th over - 2 run(s), 2 hit(s), 0 error(s), 0 left on base; Ontario 4 - Santa Anna 0
BOTTOM OF THE 7TH
Santa Anna Dukes batting - Pitching for Ontario Emus : RHP Ryan Allen
Pitching: LHP Albert Martin
Batting: RHB Ron Elazar 0-0: Fly out, F8 (Flyball, 8LM)
Batting: RHB Charles Lewis 0-0: Fly out, F7 (Popup, 7S)
Batting: RHB Alberto Castillo 0-0: Foul Ball, location: 2F
0-1: SINGLE (Line Drive, 7S)
Batting: RHB Ben Wilson 0-0: Swinging Strike
0-1: Called Strike
0-2: Strikes out swinging
Bottom of the 7th over - 0 run(s), 1 hit(s), 0 error(s), 1 left on base; Ontario 4 - Santa Anna 0
TOP OF THE 8TH
Ontario Emus batting - Pitching for Santa Anna Dukes : LHP Ángel Gonzáles
Batting: RHB James Hunter 0-0: Called Strike
0-1: Ball
1-1: Ball
2-1: Ground out 1-3 (Groundball, 13)
Batting: RHB Vernon Sterling 0-0: Ball
1-0: Called Strike
1-1: Called Strike
1-2: Foul Ball, location: 2F
1-2: Ball
2-2: Foul Ball, location: 2F
2-2: DOUBLE (Flyball, 78XD)
Batting: RHB Carlos Estrada 0-0: Intentional Walk
Batting: RHB John Robertson 0-0: Called Strike
0-1: Fly out, F7 (Flyball, 78M)
Batting: RHB Bob Corrigan 0-0: Ball
1-0: Ball
2-0: Foul Ball, location: 2F
2-1: Ball
3-1: Base on Balls
Vernon Sterling to third
Carlos Estrada to second
Batting: LHB Dave Raines 0-0: Ball
1-0: Foul Ball, location: 2F
1-1: Called Strike
1-2: Fly out, F5 (Popup, 5F)
Top of the 8th over - 0 run(s), 1 hit(s), 0 error(s), 3 left on base; Ontario 4 - Santa Anna 0
BOTTOM OF THE 8TH
Santa Anna Dukes batting - Pitching for Ontario Emus : LHP Albert Martin
Batting: RHB Joe Baker 0-0: Ball
1-0: DOUBLE (Flyball, 89D)
Batting: RHB Jesús Velásquez 0-0: Bunted foul
0-1: Ball
1-1: Foul Ball, location: 2F
1-2: Ball
2-2: Foul Ball, location: 2F
2-2: Ground out 6-3 (Groundball, 6M)
Joe Baker to third
Batting: RHB Mason Thompson 0-0: Called Strike
0-1: Foul Ball, location: 2F
0-2: Ball
1-2: Ball
2-2: Ball
3-2: Foul Ball, location: 2F
3-2: Base on Balls
Pitching: LHP José Aragón
Batting: LHB Oliver Hernández 0-0: Foul Ball, location: 2F
0-1: Swinging Strike
0-2: Ball
1-2: Strikes out looking
Pitching: RHP Muneyaki Nakamura
Batting: RHB Alberto Morín 0-0: Fly out, F2 (Popup, 3SF)
Bottom of the 8th over - 0 run(s), 1 hit(s), 0 error(s), 2 left on base; Ontario 4 - Santa Anna 0
TOP OF THE 9TH
Ontario Emus batting - Pitching for Santa Anna Dukes : LHP Ángel Gonzáles
Batting: LHB Elvin Summers 0-0: Called Strike
0-1: Ball
1-1: Ball
2-1: Foul Ball, location: 2F
2-2: Foul Ball, location: 2F
2-2: Ball
3-2: Strikes out swinging
Batting: RHB Álex Ochoa 0-0: Ball
1-0: Called Strike
1-1: Ball
2-1: Ground out 5-3 (Groundball, 56)
Batting: RHB Álex Martínez 0-0: Reached on error, E3 (Groundball, 34S)
Batting: RHB James Hunter 0-0: Called Strike
0-1: Ball
1-1: Ball
2-1: Ball
3-1: Base on Balls
Álex Martínez to second
Batting: RHB Vernon Sterling 0-0: Ball
1-0: Foul Ball, location: 2F
1-1: Ball
2-1: Called Strike
2-2: Strikes out swinging
Top of the 9th over - 0 run(s), 0 hit(s), 1 error(s), 2 left on base; Ontario 4 - Santa Anna 0
BOTTOM OF THE 9TH
Santa Anna Dukes batting - Pitching for Ontario Emus : RHP Muneyaki Nakamura
Batting: RHB Ron Elazar 0-0: Ground out 6-3 (Groundball, 6)
Batting: RHB Charles Lewis 0-0: Ball
1-0: SINGLE (Groundball, 4MD) (infield hit)
Pitching: RHP Ánibal Hernández
Batting: RHB Alberto Castillo 0-0: Ball
1-0: Swinging Strike
1-1: Called Strike
1-2: Ball
2-2: Fly out, F8 (Flyball, 89M)
Batting: RHB Ben Wilson 0-0: Ball
1-0: Foul Ball, location: 2F
1-1: Ball
2-1: Ground out 5-3 (Groundball, 5L)
Bottom of the 9th over - 0 run(s), 1 hit(s), 0 error(s), 1 left on base; Ontario 4 - Santa Anna 0
Monday, December 5th, 2016 - OOTP Baseball 17.12 Build 75